Map: Blackburn LE

Players

Stripes

  • Race: Terran Terran
  • League: Platinum

MaxPax - Winner!

  • Race: Protoss Protoss
  • League: Platinum

VOD

Have the link to the VOD?

Description

Time

  • Played on: March 20, 2022, 4:17 p.m.
  • Length: 4:27
Show
View Real Time Build Order
Export as new Build Order

Stripes Terran 

Build Orders:  

Get SALT Encoding   

  12  0:03  SCV  
  13  0:15  SCV  
  13  0:19  Supply Depot  
  14  0:27  SCV  
  15  0:41  SCV  
  16  0:43  Barracks  
  16  0:53  SCV  
  16  0:55  Refinery  
  17  1:05  SCV  
  18  1:17  SCV  
  19  1:31  Orbital Command  
  19  1:35  Marine  
  20  1:42  Command Center  
  20  1:55  Barracks Reactor  
  20  1:59  SCV, Supply Depot  
  21  2:11  Barracks  
  21  2:15  SCV  
  22  2:26  Barracks  
  22  2:27  SCV  
  23  2:32  Marine x2  
  25  2:39  SCV  
  26  2:51  SCV  
  26  2:54  Marine x2  
  30  2:59  Orbital Command  
  30  3:03  SCV  
  30  3:04  Barracks Tech Lab, Refinery  
  30  3:12  Factory  
  30  3:15  SCV  
  30  3:16  Barracks Tech Lab  
  30  3:19  Marine x2  
  33  3:28  SCV  
  34  3:37  SCV, Marine x2  
  34  3:38  Marine  
  34  3:39  Marine  
  34  3:40  SCV  
  40  3:49  SCV, Supply Depot  
  41  3:56  Supply Depot  
  41  4:00  SCV  
  41  4:01  Marine  
Show
View Real Time Build Order
Export as new Build Order

MaxPax Protoss - Winner!

Build Orders: Dark Templar Rush 

Get SALT Encoding   

  12  0:08  Pylon  
  12  0:13  Probe  
  13  0:27  Gateway  
  13  0:30  Probe (Chrono Boost)  
  14  0:41  Assimilator, Probe (Chrono Boost)  
  15  0:46  Probe (Chrono Boost)  
  16  0:52  Assimilator  
  16  0:56  Probe (Chrono Boost)  
  17  1:08  Probe (Chrono Boost)  
  18  1:15  Cybernetics Core  
  18  1:18  Probe (Chrono Boost)  
  19  1:24  Probe  
  20  1:36  Probe  
  21  1:48  Probe  
  21  1:51  Robotics Facility  
  22  1:56  Twilight Council  
  22  1:59  Pylon  
  22  2:06  Shield Battery  
  22  2:12  Warp Gate (Chrono Boost)  
  22  2:16  Adept  
  24  2:35  Dark Shrine  
  24  2:39  Warp Prism (Chrono Boost)  
  26  2:54  Gateway  
  26  3:04  Gateway  
  26  3:07  Probe  
  27  3:14  Pylon  
  27  3:59  Dark Templar  
  27  4:00  Dark Templar x2  
Tags
 
Add a new tag
Caveats
  • Supply blocks, unpowered buildings, or Contaminate may cause inaccurate times.
  • Supply counts are checked every 10 seconds.